 Dungeon Crawl Stone Soup version 0.31-a0-177-g4aa6249778 (webtiles) character file.

Game seed: 3166558785186744395

198 Moral the Insei (level 5, 0/51 HPs)
             Began as an Octopode Transmuter on June 18, 2023.
             Slain by Duvessa
             ... wielding a +0 short sword
              (16 damage)
             ... on level 4 of the Dungeon.
             The game lasted 00:07:52 (3137 turns).

Moral the Insei (Octopode Transmuter)               Turns: 3137, Time: 00:07:52

Health: 0/51       AC: 22    Str: 11    XL:     5   Next: 76%
Magic:  6/8        EV:  2    Int: 15    God:
Gold:   291        SH:  0    Dex: 13    Spells: 6/9 levels left

rFire   . .          .
                       - Unarmed
rCold   . . .        n - orb {light}
rNeg    . . .        (helmet currently unavailable)
rPois   +            (no amulet)
rElec   .            (no ring)
rCorr   .            (no ring)
SInv    .            (no ring)
Will    .....        (no ring)
Stlth   +            (no ring)
HPRegen 0.28/turn    (no ring)
MPRegen 0.11/turn    (no ring)
                     (no ring)

%: no passive effects
@: tree-form, wereblooded, glowing
A: stationary, stasis, torment immunity, boosted hp, almost no armour,
(amphibious), 8 rings, (camouflage 1), (gelatinous body 1), (nimble swimmer 1),
(tentacles)
a: no special abilities


You were on level 4 of the Dungeon.
You were a tree.
You visited 1 branch of the dungeon, and saw 4 of its levels.

You collected 291 gold pieces.

Inventory:

Armour
 n - an orb of light (worn)
Wands
 k - a wand of paralysis (3)
 l - a wand of mindburst (13)
 p - a wand of flame (20)
Scrolls
 c - 2 scrolls of teleportation
 d - a scroll of fog {unknown}
 f - 2 scrolls of vulnerability {unknown}
 i - 4 scrolls of identify {unknown}
 m - a scroll of summoning {unknown}
 o - a scroll of enchant armour {unknown}
Potions
 a - 2 potions of lignification
 b - 2 potions of heal wounds
 e - 2 potions of curing {unknown}
 g - a potion of degeneration {unknown}
 h - a potion of mutation {unknown}
 j - 2 potions of haste {unknown}
 q - a potion of ambrosia {unknown}


   Skills:
 + Level 2.1 Fighting
 + Level 2.9 Dodging
 - Level 1.1 Stealth
 * Level 4.3 Unarmed Combat
 + Level 2.5 Spellcasting
 + Level 2.8 Transmutations
 * Level 1.3 Evocations


You had 6 spell levels left.
You knew the following spells:

 Your Spells              Type           Power      Damage    Failure   Level
a - Beastly Appendage     Tmut           20%        N/A       7%          1
b - Wereblood             Tmut           10%        N/A       10%         2

Your spell library contained the following spells:

 Spells                   Type           Power      Damage    Failure   Level
 Apportation              Tloc           2%         N/A       22%         1
 Magic Dart               Conj           4%         1d3       22%         1
 Necrotise                Necr           4%         1d4       22%         1
 Summon Small Mammal      Summ           4%         N/A       22%         1
 Cigotuvi's Dreadful Rot  Necr/Pois/Air  2%         N/A       32%         2
 Ensorcelled Hibernation  Hex/Ice        2%         N/A       32%         2
 Scorch                   Fire           2%         2d5       32%         2
 Searing Ray              Conj           2%         2d4       32%         2
 Spider Form              Tmut/Pois      6%         N/A       34%         3
 Ice Form                 Ice/Tmut       6%         N/A       75%         4
 Anguish                  Hex/Necr       0%         N/A       91%         4
 Dispel Undead            Necr           1%         3d6       91%         4
 Flame Wave               Conj/Fire      1%         2d4       91%         4
 Fulminant Prism          Conj/Hex       0%         3d5       91%         4
 Death Channel            Necr           0%         N/A       100%        6
 Summon Cactus Giant      Summ           0%         N/A       100%        6


Dungeon Overview and Level Annotations

Branches:
Dungeon (4/15)
 Temple: D:4-7

Altars:

Annotations:
D:4 Duvessa


Innate Abilities, Weirdness & Mutations

You are a tree.
Your roots penetrate the ground, keeping you stationary.
You cannot be teleported.
You are immune to unholy pain and torment.
Your maximum health is greatly increased.
You cannot wear most types of armour.
((You are amphibious.))
You can wear up to eight rings at the same time.
((Your skin changes colour to match your surroundings (Stealth+).))
((Your rubbery body absorbs attacks. (AC +1, EV +1)))
((You are camouflaged when in or above water. (Stealth+)))
((You have tentacles for arms and can constrict up to eight enemies at once.))


Message History

Duvessa goes berserk!
Duvessa rages.
The orc priest hits you with a +0 dagger.
* * * LOW HITPOINT WARNING * * *
Items here: ( )) ††.
You bludgeon the orc priest! You grab the orc priest.
You pierce the orc priest.
You squeeze the orc priest.
You feel a bit better.
You kill the orc priest!
Duvessa rages.
You barely miss Duvessa. You grab Duvessa.
You pierce Duvessa!
Duvessa is lightly wounded.
You constrict Duvessa, but do no damage.
Duvessa hits you with a +0 short sword!
* * * LOW HITPOINT WARNING * * *
As you read the scroll labelled QOTER BOGOCS, it crumbles to dust.
You feel strangely unstable.
It was a scroll of teleportation.
You constrict Duvessa, but do no damage.
Duvessa closely misses you. x2
Really quaff the potion of lignification?
Your tentacle spike disappears.
You turn into a tree.
Your roots penetrate the ground.
You feel strangely stable.
You lose your grip on Duvessa.
Duvessa hits you but does no damage.
It was a potion of heal wounds.
You feel much better. Duvessa hits you but does no damage. x2
You feel much better. Duvessa hits you but does no damage.
You hit Duvessa but do no damage.
Duvessa is lightly wounded.
You creak as the wereblood boils in your veins!
Duvessa hits you but does no damage. x2
You hit Duvessa.
Duvessa is moderately wounded.
Duvessa hits you with a +0 short sword.
You hit Duvessa but do no damage.
Duvessa is moderately wounded.
Duvessa hits you with a +0 short sword!
You hit Duvessa but do no damage.
Duvessa is moderately wounded.
Duvessa hits you with a +0 short sword! x2
You die...

..##############.###
..# #.# .## #.# ##
#.# #.# #.# #.# #.
#.# ###... ## #♣#
....##.#.. #e#
.........#.. .o#
######...... ....
..##........ .....
#..#...............
.#.................
.#..................
............


You could see Duvessa (berserk) and an orc.

Vanquished Creatures
  Dowan (D:4)
  An orc priest (D:4)
  4 adders
  A dart slug (D:1)
  2 orcs
  10 endoplasms
  3 giant cockroaches
  7 hobgoblins
  4 jackals (D:1)
  3 quokkas
  8 ball pythons
  6 bats
  6 frilled lizards
  7 goblins
  7 kobolds
  6 rats
76 creatures vanquished.

Notes
Turn   | Place    | Note
-------+----------+-------------------------------------------
     0 | D:1      | Moral the Octopode Transmuter began the quest for the Orb.
     0 | D:1      | Reached XP level 1. HP: 13/13 MP: 3/3
   176 | D:1      | Reached XP level 2. HP: 17/18 MP: 3/5
   473 | D:1      | Reached XP level 3. HP: 23/23 MP: 4/6
   774 | D:1      | Learned a level 2 spell: Wereblood
  1075 | D:2      | Identified the +4 dagger of Tahaoxor {venom, *Noise Fly
                  | Dex+5}
  1330 | D:2      | Found a faded altar of an unknown god.
  1429 | D:2      | Reached XP level 4. HP: 27/28 MP: 5/7
  1901 | D:3      | Reached skill level 1 in Stealth
  2793 | D:4      | Reached skill level 4 in Unarmed Combat
  2818 | D:4      | Noticed Dowan
  2832 | D:4      | Killed Dowan
  2833 | D:4      | Reached XP level 5. HP: 23/34 MP: 4/8
  2855 | D:4      | Reached skill level 1 in Evocations
  3125 | D:4      | Noticed Duvessa
  3129 | D:4      | HP: 1/34 [Duvessa/+0 short sword (12)]
  3137 | D:4      | Slain by Duvessa

Illustrated notes

Levels and vault maps discovered:
D:1:      dpeg_arrival_connections, layout_basic
D:2:      layout_loops_ring, ebering_ecumenical_altar_webs, chequers_big_river,
          minmay_tromino_v4_a
D:3:      layout_basic
D:4:      layout_rooms, minmay_misc_feat_square, uniq_duvessa

Skill      XL: |  1  2  3  4  5 |
---------------+----------------+-----
Stealth        | 1 |  1.1
Unarmed Combat | 4 |  4.3
Fighting       | 2 |  2.1
Evocations     | 1 |  1.3
Dodging        | |  2.9
Spellcasting   | |  2.5
Transmutations | |  2.8

Action                     |  1- 3 |  4- 6 || total
---------------------------+-------+-------++-------
  Melee: Unarmed           |   103 |    60 ||   163
         Tentacles         |    16 |    14 ||    30
         Constrict         |    26 |    20 ||    46
         Kick              |    24 |    16 ||    40
         Punch             |     4 |     2 ||     6
   Cast: Beastly Appendage |    22 |    12 ||    34
         Wereblood         |     4 |     3 ||     7
    Use: Potion            |       |     3 ||     3
         Scroll            |       |     1 ||     1
   Stab: Sleeping          |     2 |     4 ||     6
 Armour: Skin              |    10 |     6 ||    16
  Dodge: Dodged            |    80 |    31 ||   111

Table legend: (Time is in decaauts)
 A = Elapsed time spent in this place.
 B = Non-inter-level travel time spent in this place.
 C = Inter-level travel time spent in this place.
 D = Time resting spent in this place.
 E = Time spent auto-exploring this place.
 F = Levels seen in this place.
 G = Mean time per level.
                   A        B        C        D        E       F      G
               +--------+--------+--------+--------+--------+-----+--------+
         Total |   3125 |   3088 |     37 |    124 |   2180 |   4 |  781.2 |
       Dungeon |   3125 |   3088 |     37 |    124 |   2180 |   4 |  781.2 |
               +--------+--------+--------+--------+--------+-----+--------+

Top non-repeatable levels by time:
     D:3: 1043 daAuts
     D:2: 843 daAuts
     D:1: 826 daAuts
     D:4: 411 daAuts
